 Dungeon Crawl Stone Soup version 0.27-a0-96-gb51a1d6fd6 (webtiles) character file.

Game seed: 16975266914615766342

829 lunkers the Tainter (level 7, -5/55 HPs)
             Began as a Naga Venom Mage on Jan 19, 2021.
             Splashed by a jelly's acid (9 damage)
             ... on level 5 of the Dungeon.
             The game lasted 00:07:03 (6036 turns).

lunkers the Tainter (Naga Venom Mage)               Turns: 6036, Time: 00:07:03

Health: -5/55      AC: -11   Str: 11    XL:     7   Next: 97%
Magic:  14/14      EV: 10    Int: 23    God:
Gold:   339        SH:  0    Dex: 11    Spells: 5/15 levels left

rFire    . . .     SeeInvis +   h - +2 quarterstaff (chaos)
rCold    . . .     Faith    .   (shield currently unavailable)
rNeg     . . .     Spirit   .   a - +0 robe
rPois    +         Reflect  .   (no helmet)
rElec    .         Harm     .   i - +0 cloak
rCorr    .         Rampage  .   (no gloves)
Will     .....                  (no barding)
Stlth    ++........             (no amulet)
HPRegen  0.18/turn              c - +6 ring of intelligence
MPRegen  0.14/turn              (no ring)

@: corroded, very slow
A: large, see invisible, deformed body, poison resistance, slowness 2, spit
poison 1, AC +2
a: Spit Poison


You were on level 5 of the Dungeon.
You visited 1 branch of the dungeon, and saw 5 of its levels.

You collected 339 gold pieces.

Inventory:

Hand Weapons
 h - a +2 quarterstaff of chaos (weapon)
Armour
 a - a +0 robe (worn)
 i - a +0 cloak (worn)
Jewellery
 c - a +6 ring of intelligence (left hand)
Wands
 r - a wand of digging (4)
Scrolls
 b - a scroll of identify
 d - a scroll of remove curse {unknown}
 e - a scroll of teleportation
 f - a scroll of immolation {unknown}
 g - 2 scrolls of fog {unknown}
 n - a scroll of blinking {unknown}
 o - a scroll of enchant armour {unknown}
 p - a scroll of magic mapping {unknown}
Potions
 j - 2 potions of might
 k - 2 potions of attraction
 l - a potion of flight
 q - a potion of curing {unknown}


   Skills:
 - Level 1.5 Dodging
 - Level 3.0 Stealth
 + Level 4.9 Spellcasting
 - Level 1.0 Transmutations
 * Level 10.1 Poison Magic


You had 5 spell levels left.
You knew the following spells:

 Your Spells              Type           Power        Failure   Level
a - Poisonous Vapours     Pois/Air       56%          1%          2
b - Sting                 Tmut/Pois      100%         1%          1
c - Olgreb's Toxic Radia  Pois           51%          1%          4
d - Ignite Poison         Fire/Tmut/Pois 22%          6%          3

Your spell library contained the following spells:

 Spells                   Type           Power        Failure   Level
 Mephitic Cloud           Conj/Pois/Air  21%          7%          3
 Corpse Rot               Necr/Air       N/A          14%         2
 Sublimation of Blood     Necr           2%           14%         2
 Dispel Undead            Necr           5%           67%         4
 Agony                    Necr           5%           95%         5
 Excruciating Wounds      Necr           2%           95%         5


Dungeon Overview and Level Annotations

Branches:
Dungeon (5/15)
 Temple: D:4-7

Altars:
Ru
Xom


Innate Abilities, Weirdness & Mutations

You cannot wear boots.
Your serpentine skin is tough. (AC +2)
You have supernaturally acute eyesight. (SInv)
Armour fits poorly on your strangely shaped body.
Your system is resistant to poisons. (rPois)
You cover ground very slowly.
You can spit poison.


Message History

* * * LOW HITPOINT WARNING * * *
The jelly is almost dead.
The bullfrog zombie closely misses you. The jelly hits you.
* * * LOW HITPOINT WARNING * * *
The acid corrodes you!
You are splashed with acid!
* * * LOW HITPOINT WARNING * * *
You hit the jelly but do no damage.
Your hands burn!
* * * LOW HITPOINT WARNING * * *
The jelly is almost dead.
The bullfrog zombie closely misses you. The jelly barely misses you.
The bullfrog zombie misses you.
Unknown command.
Unknown command.
You hit the jelly but do no damage.
Your hands burn!
* * * LOW HITPOINT WARNING * * *
The jelly is almost dead.
The bullfrog zombie closely misses you. The jelly hits you.
* * * LOW HITPOINT WARNING * * *
The acid corrodes you!
You are splashed with acid!
You die...

#............... #####.
#......##....... ......
#......##....... ......
#......##.......
......###......##.......
........)....####.......
.............# #.......
.......J.....## #.......
......Z@......# #.......
......#.......# #.......
........#.....# ######..
......###.....# #..
#.#... ......# ######..
..... .....# #.......
###.# ###### #....... ..
#....... .# #.......


You could see a jelly (strong, invisible) and a bullfrog zombie.

Vanquished Creatures
  An ice beast (D:5)
  An ogre (D:5)
  A centaur (D:4)
  3 crimson imps (D:3)
  Crazy Yiuf (D:2)
  2 iguanas
  Jessica (D:2)
  Natasha (thrice) (D:2)
  3 worker ants
  A worker ant zombie (D:5)
  7 adders
  A shadow imp (D:5)
  2 ufetubi (D:5)
  An ooze (D:2)
  An adder skeleton (D:5)
  2 worms
  A dart slug (D:1)
  5 orcs
  7 giant cockroaches
  9 goblins
  9 hobgoblins
  5 jackals
  2 quokkas (D:3)
  6 ball pythons (D:4)
  13 bats
  5 frilled lizards
  8 kobolds
  A leopard gecko skeleton (D:5)
  7 rats
109 creatures vanquished.

Notes
Turn   | Place    | Note
-------+----------+-------------------------------------------
     0 | D:1      | lunkers the Naga Venom Mage began the quest for the Orb.
     0 | D:1      | Reached XP level 1. HP: 15/15 MP: 3/3
   235 | D:1      | Reached XP level 2. HP: 22/22 MP: 0/5
   618 | D:1      | Reached skill level 5 in Poison Magic
   923 | D:1      | Reached XP level 3. HP: 28/28 MP: 4/6
  1615 | D:2      | Reached XP level 4. HP: 36/36 MP: 3/8
  1670 | D:2      | Noticed Natasha
  1678 | D:2      | Killed Natasha
  1679 | D:2      | Reached skill level 6 in Poison Magic
  1757 | D:2      | Noticed Natasha
  1763 | D:2      | Killed Natasha
  1887 | D:2      | Noticed Natasha
  1902 | D:2      | Noticed Jessica
  1921 | D:2      | Killed Natasha
  1922 | D:2      | Reached XP level 5. HP: 15/42 MP: 1/9
  1936 | D:2      | Killed Jessica
  2209 | D:2      | Found a faded altar of an unknown god.
  2243 | D:2      | Reached skill level 7 in Poison Magic
  2246 | D:2      | Learned a level 2 spell: Poisonous Vapours
  2389 | D:2      | Found a runed translucent door.
  2390 | D:2      | Noticed Crazy Yiuf
  2461 | D:2      | Killed Crazy Yiuf
  2799 | D:3      | Found a sacrificial altar of Ru.
  2803 | D:3      | Reached XP level 6. HP: 49/49 MP: 4/11
  3243 | D:3      | Learned a level 4 spell: Olgreb's Toxic Radiance
  3424 | D:3      | Found a shimmering altar of Xom.
  3461 | D:3      | Reached skill level 8 in Poison Magic
  4266 | D:4      | Reached XP level 7. HP: 55/55 MP: 6/13
  4459 | D:4      | Reached skill level 9 in Poison Magic
  4463 | D:4      | Learned a level 3 spell: Ignite Poison
  5309 | D:5      | Entered Level 5 of the Dungeon
  5651 | D:5      | Reached skill level 10 in Poison Magic
  6036 | D:5      | Splashed by a jelly's acid

Illustrated notes

Levels and vault maps discovered:
D:1:      saegor_arrival_simple_d, layout_basic
D:2:      layout_basic, chequers_ecumenical_altar_island,
          kennysheep_generic_room_10, uniq_jessica, uniq_natasha,
          uniq_crazy_yiuf_cottage
D:3:      kennysheep_big_flooded_room, layout_basic, led_xom_imps,
          lemuel_doored_altar, serial_aquarium, aquarium_bridge_straight
          [aquarium_subvault_bridge, aquarium_subvault_window,
          aquarium_subvault_bridge, aquarium_subvault_window],
          aquarium_bridge_straight [aquarium_subvault_bridge,
          aquarium_subvault_wall, aquarium_subvault_bridge,
          aquarium_subvault_wall], aquarium_window_fake,
          aquarium_window_corridor_1, aquarium_view_2f,
          aquarium_balcony_double_3, aquarium_pool_corner
D:4:      layout_cave_pools, minmay_snake_closets
D:5:      layout_basic, nicolae_overflow_hidden_temple, marbit_many_paths,
          kennysheep_path_1

Skill      XL: |  1  2  3  4  5  6  7 |
---------------+----------------------+-----
Poison Magic   | 5 6 7 8 10 | 10.1
Spellcasting   | 3 4 |  4.9
Dodging        | |  1.5
Stealth        | |  3.0
Transmutations | |  1.0

Action                   |  1- 3 |  4- 6 |  7- 9 || total
-------------------------+-------+-------+-------++-------
Melee: Unarmed           |     2 |     2 |       ||     4
       Quarterstaff      |       |    39 |    27 ||    66
 Cast: Sting             |    66 |    39 |       ||   105
       Poisonous Vapours |       |    54 |    39 ||    93
 Abil: Spit Poison       |     3 |     4 |       ||     7
  Use: Scroll            |       |       |     5 ||     5
       Potion            |       |       |     2 ||     2
 Stab: Petrified         |       |     7 |       ||     7
       Sleeping          |       |       |     1 ||     1
Armor: Robe              |     9 |    15 |    20 ||    44
       Skin              |       |       |     8 ||     8
Dodge: Dodged            |    18 |    56 |    35 ||   109

Table legend: (Time is in decaauts)
 A = Elapsed time spent in this place.
 B = Non-inter-level travel time spent in this place.
 C = Inter-level travel time spent in this place.
 D = Time resting spent in this place.
 E = Time spent auto-exploring this place.
 F = Levels seen in this place.
 G = Mean time per level.
                   A        B        C        D        E       F      G
               +--------+--------+--------+--------+--------+-----+--------+
         Total |   7042 |   6900 |    142 |     79 |   6031 |   5 | 1408.4 |
       Dungeon |   7042 |   6900 |    142 |     79 |   6031 |   5 | 1408.4 |
               +--------+--------+--------+--------+--------+-----+--------+

Top non-repeatable levels by time:
     D:3: 1691 daAuts
     D:2: 1662 daAuts
     D:4: 1498 daAuts
     D:1: 1378 daAuts
     D:5: 812 daAuts
